 Dungeon Crawl Stone Soup version 0.30-a0-578-gdee14c521f (webtiles) character file.

Game seed: 7057927852556858399

650 Newt the Trooper (level 7, -3/54 HPs)
             Began as a Demonspawn Gladiator on Dec 31, 2022.
             Slain by an iguana (10 damage)
             ... on level 5 of the Dungeon.
             The game lasted 00:05:35 (5034 turns).

Newt the Trooper (Demonspawn Gladiator)             Turns: 5034, Time: 00:05:35

Health: -3/54      AC: 11    Str: 16    XL:     7   Next: 28%
Magic:  11/11      EV: 12    Int:  9    God:
Gold:   230        SH:  0    Dex: 15    Spells: 12/12 levels left

rFire   . . .      SeeInvis .    a - +0 rapier
rCold   . . .      Faith    .    (no shield)
rNeg    . . .      Spirit   .    b - +0 leather armour
rPois   .          Reflect  .    c - +0 helmet
rElec   .          Harm     .    j - scarf {shadows}
rCorr   .          Rampage  .    (no gloves)
Will    +....                    w - +0 pair of boots
Stlth   ++                       (no amulet)
HPRegen 0.29/turn                A - +4 ring of protection
MPRegen 0.12/turn                p - ring of willpower

@: no status effects
A: thin metallic scales 1, demonic guardian 1, demonic magic 1
a: no special abilities


You were on level 5 of the Dungeon.
You visited 1 branch of the dungeon, and saw 5 of its levels.

You collected 230 gold pieces.

Inventory:

Hand Weapons
 a - a +0 rapier (weapon)
 t - a +0 flail of draining
Missiles
 d - a throwing net (quivered)
Armour
 b - a +0 leather armour (worn)
 c - a +0 helmet (worn)
 j - a scarf of shadows (worn)
 m - a +0 pair of boots
 r - a scarf of resistance
 w - a +0 pair of boots (worn)
 z - the +0 ring mail of Selaiq {rF+ Dex+2}
   (You found it on level 4 of the Dungeon)

   Dex:       It affects your dexterity (+2).
   rF:        It protects you from fire.
Jewellery
 p - a ring of willpower (right hand)
 A - a +4 ring of protection (left hand)
Scrolls
 e - a scroll of fog
 i - a scroll of noise
 o - 4 scrolls of poison
 s - a scroll of teleportation
Potions
 f - 4 potions of heal wounds {unknown}
 g - a potion of lignification {unknown}
 h - 6 potions of curing {unknown}
 k - a potion of flight {unknown}
 l - 5 potions of brilliance {unknown}
 n - a potion of degeneration {unknown}
 q - 3 potions of haste {unknown}
 v - a potion of magic {unknown}
 x - a potion of ambrosia {unknown}


   Skills:
 - Level 4.0 Fighting
 - Level 3.0 Short Blades
 - Level 3.0 Throwing
 - Level 2.0 Armour
 + Level 3.2 Dodging
 - Level 4.0 Stealth
 - Level 3.0 Spellcasting


You had 12 spell levels left.
You didn't know any spells.
Your spell library was empty.

Dungeon Overview and Level Annotations

Branches:
Dungeon (5/15)
 Temple: D:4-7

Altars:
Fedhas
Kikubaaqudgha
Xom

Annotations:
D:4 2 transporters, a11behringer's ghost, amateur MiBe


Innate Abilities, Weirdness & Mutations

You are partially covered in thin metallic scales. (AC +2)
A weak demonic guardian rushes to your aid.
Spells you cast may paralyse adjacent enemies.


Message History

The orc closely misses you.
The orc priest hits you but does no damage.
You closely miss the orc priest.
The orc priest is heavily wounded.
The orc hits you but does no damage. The orc priest closely misses you.
The iguana bites you.
You closely miss the orc priest.
The orc priest is heavily wounded.
The orc barely misses you.
The orc priest calls down the wrath of Beogh upon you.
Beogh smites you! The orc hits you but does no damage. The iguana bites you.
You hit the orc priest.
The orc priest is heavily wounded.
The orc hits you but does no damage.
The orc priest hits you but does no damage.
The orc closely misses you. The iguana barely misses you.
You hit the orc priest.
The orc priest is almost dead.
The orc hits you but does no damage. The orc priest hits you with a +0 club.
The orc hits you but does no damage. x2
The iguana bites you but does no damage.
You hit the orc priest.
You kill the orc priest!
The orc barely misses you. The iguana bites you.
The iguana attacks as you move away! The iguana bites you.
* * * LOW HITPOINT WARNING * * *
The orc hits you with a +0 falchion.
* * * LOW HITPOINT WARNING * * *
The iguana attacks as you move away! The iguana bites you.
* * * LOW HITPOINT WARNING * * *
The orc attacks as you move away! The orc hits you but does no damage.
The orc attacks as you move away! The orc hits you with a +0 dagger.
* * * LOW HITPOINT WARNING * * *
The iguana attacks as you move away! The iguana closely misses you.
The orc attacks as you move away! The orc hits you but does no damage.
The iguana attacks as you move away! The iguana bites you.
* * * LOW HITPOINT WARNING * * *
You see here a +0 spear.
The iguana attacks as you move away! The iguana bites you!
You die...

### #.o....# #......#
##.....# ### ####o.#### ..##
#.....# ..# #.....## .
########.#####.......
..##........#...#.o.....
..##.....[......@looo5......
... ....>................#..
..# ####....................
..# ######...............#..
..###.§§§..~~.~..........#..
......####.~~~.##...######
...§.# #.~_~.##.### ......#
#~~~~~##.# .......#
#..~.....#


You could see an iguana, a shadow imp and 4 orcs.

Vanquished Creatures
  An orc warrior (D:3)
  A black bear (D:4)
  A phantom (D:3)
  A necrophage (D:4)
  2 jellies (D:4)
  2 orc priests
  2 iguanas (D:4)
  4 adders
  4 worms
  5 orcs
  5 endoplasms
  3 giant cockroaches
  3 goblins (D:1)
  6 hobgoblins
  2 jackals (D:4)
  A kobold (D:2)
  3 quokkas
  6 ball pythons
  A bat (D:1)
  A frilled lizard (D:2)
  2 rats (D:2)
56 creatures vanquished.

Vanquished Creatures (collateral kills)
  A jelly (D:4)
  An orc wizard (D:4)
  An orc (D:4)
3 creatures vanquished.

Grand Total: 59 creatures vanquished

Notes
Turn   | Place    | Note
-------+----------+-------------------------------------------
     0 | D:1      | Newt the Demonspawn Gladiator began the quest for the Orb.
     0 | D:1      | Reached XP level 1. HP: 16/16 MP: 1/1
   163 | D:1      | Reached skill level 1 in Stealth
   618 | D:1      | Found a faded altar of an unknown god.
  1008 | D:2      | Gained mutation: You are partially covered in thin metallic
                  | scales. (AC +2) [demonic ancestry]
  1008 | D:2      | Reached XP level 2. HP: 22/22 MP: 2/2
  1259 | D:2      | Reached XP level 3. HP: 18/28 MP: 3/3
  2047 | D:3      | Found a shimmering altar of Xom.
  2063 | D:3      | Found an ancient bone altar of Kikubaaqudgha.
  2721 | D:4      | Noticed a phantom
  2772 | D:3      | Killed a phantom
  2773 | D:3      | Gained mutation: A weak demonic guardian rushes to your
                  | aid. [demonic ancestry]
  2773 | D:3      | Reached XP level 4. HP: 19/37 MP: 4/4
  2773 | D:3      | Reached XP level 5. HP: 22/42 MP: 5/5
  3003 | D:4      | Reached skill level 1 in Armour
  3477 | D:4      | Identified the +0 ring mail of Selaiq {rF+ Dex+2}
  3524 | D:4      | Gained mutation: Spells you cast may paralyse adjacent
                  | enemies. [demonic ancestry]
  3524 | D:4      | Reached XP level 6. HP: 19/48 MP: 6/6
  3871 | D:4      | Found a transporter.
  3874 | D:4      | Noticed a11behringer's ghost (amateur MiBe)
  3878 | D:4      | Found a transporter.
  3920 | D:4      | Noticed an orc warrior
  3970 | D:3      | Killed an orc warrior
  4393 | D:4      | Reached skill level 1 in Spellcasting
  4592 | D:4      | Reached XP level 7. HP: 32/54 MP: 8/10
  4935 | D:5      | Entered Level 5 of the Dungeon
  4967 | D:5      | Found a blossoming altar of Fedhas.
  5034 | D:5      | Slain by an iguana

Illustrated notes

Levels and vault maps discovered:
D:1:      dpeg_arrival_three_same_balls, layout_loops_corners,
          hellmonk_ecumenical_altar_blasted, minmay_misc_feat_pillars
D:2:      layout_loops_ring
D:3:      layout_loops_ring, nicolae_overflow_squiral,
          mainiacjoe_overflow_tiny_flanked
D:4:      layout_basic, gammafunk_ghost_mausoleum, guppyfry_early_orc_mine
D:5:      layout_rooms, fedhas_altar_2, mainiacjoe_overflow_paths,
          mainiacjoe_overflow_alcove_1

Skill      XL: |  1  2  3  4  5  6  7 |
---------------+----------------------+-----
Stealth        | 1 2 4 |  4.0
Fighting       | 4 |  4.0
Throwing       | 2 3 |  3.0
Armour         | 2 |  2.0
Short Blades   | 3 |  3.0
Spellcasting   | 2 3 |  3.0
Dodging        | 3 |  3.2

Action                   |  1- 3 |  4- 6 |  7- 9 || total
-------------------------+-------+-------+-------++-------
Melee: Rapier            |   180 |   152 |    23 ||   355
       Punch             |     2 |     3 |       ||     5
Throw: Throwing net      |       |     3 |     1 ||     4
       Javelin           |       |     1 |       ||     1
  Use: Scroll            |     4 |       |     3 ||     7
 Stab: Sleeping          |     3 |     4 |       ||     7
       Held in net/web   |       |     3 |     1 ||     4
Armor: Leather armour    |    48 |    45 |    26 ||   119
Dodge: Dodged            |   118 |    87 |    20 ||   225

Table legend: (Time is in decaauts)
 A = Elapsed time spent in this place.
 B = Non-inter-level travel time spent in this place.
 C = Inter-level travel time spent in this place.
 D = Time resting spent in this place.
 E = Time spent auto-exploring this place.
 F = Levels seen in this place.
 G = Mean time per level.
                   A        B        C        D        E       F      G
               +--------+--------+--------+--------+--------+-----+--------+
         Total |   5061 |   4906 |    155 |   1663 |   2434 |   5 | 1012.2 |
       Dungeon |   5061 |   4906 |    155 |   1663 |   2434 |   5 | 1012.2 |
               +--------+--------+--------+--------+--------+-----+--------+

Top non-repeatable levels by time:
     D:4: 1702 daAuts
     D:3: 1320 daAuts
     D:1: 1150 daAuts
     D:2: 788 daAuts
     D:5: 99 daAuts
